 Dungeon Crawl Stone Soup version 0.26-a0-597-gb535b0901c (webtiles) character file.

Game seed: 4834068722040964384

99386 Lanoc the Brawler (level 15, -5/153 HPs)
             Began as a Troll Transmuter on Sept 12, 2020.
             Was a High Priest of Ru.
             Slain by a cane toad (16 damage)
             ... on level 5 of the Lair of Beasts on Sept 13, 2020.
             The game lasted 01:02:40 (25819 turns).

Lanoc the Brawler (Troll Transmuter)               Turns: 25819, Time: 01:02:41

Health: -5/153     AC: 15    Str: 22    XL:     15   Next: 77%
Magic:  11/15      EV: 15    Int: 14    God:    Ru [*****.]
Gold:   2335       SH:  4    Dex: 12    Spells: 5/16 levels left

rFire    . . .     SeeInvis .     - Unarmed
rCold    + . .     Faith    .   (shield currently unavailable)
rNeg     + + .     Spirit   .   h - +0 robe {rC+}
rPois    .         Reflect  .   (helmet restricted)
rElec    .         Harm     .   k - +2 cloak
rCorr    .         Clarity  +   (gloves unavailable)
MR       ++++.                  (boots unavailable)
Stlth    ..........             s - amulet of the Four Winds {rN+ MR+++ Clar}
HPRegen  0.75/turn              g - +4 ring of protection
MPRegen  0.14/turn              H - ring of positive energy

@: blade hands, no potions, studying Bows
A: large, unfitting armour, antennae 1, claws 3, fangs 1, talons 1, large bone
plates 1, thin skeletal structure 1, yellow scales 1, deterioration 1,
regeneration 1, shaggy fur 1, tough skin 3, inability to drink while threatened,
no stealth, inability to use devices, hated by all, inability to train armour
a: End Transformation, Sacrifice an Eye, Sacrifice Purity, Sacrifice Words,
Reject Sacrifices, Draw Out Power, Power Leap, Apocalypse, Renounce Religion


You were on level 5 of the Lair of Beasts.
You worshipped Ru.
Ru was extremely pleased with you.
You had blades for hands.
You visited 4 branches of the dungeon, and saw 24 of its levels.
You also visited: Sewer, Ice Cave and Volcano.

You collected 2995 gold pieces.
You spent 660 gold pieces at shops.

Inventory:

Hand Weapons
 a - the +3 Elemental Staff {rElec rF++ rC++ MR++ AC+5}
   (You found it on level 10 of the Dungeon)

   It affects your AC (+5).
   It greatly protects you from fire.
   It greatly protects you from cold.
   It insulates you from electricity.
   It affects your resistance to hostile enchantments.
Missiles
 e - 3 throwing nets (quivered)
Armour
 h - a +0 robe of cold resistance (worn)
 k - a +2 cloak (worn)
Jewellery
 g - a +4 ring of protection (left scythe-like blade)
 s - the amulet of the Four Winds (around neck) {rN+ MR+++ Clar}
   (You found it on level 5 of the Dungeon)

   [amulet of nothing]

   It protects you from negative energy.
   It affects your resistance to hostile enchantments.
   It protects you against confusion.
 H - a ring of positive energy (right scythe-like blade)
Scrolls
 d - 4 scrolls of magic mapping
 f - 4 scrolls of fear
 m - 4 scrolls of teleportation
 n - 3 scrolls of fog
 B - 6 scrolls of amnesia
 C - 5 scrolls of enchant armour
 D - 7 scrolls of remove curse
 F - 3 scrolls of immolation
 J - 5 scrolls of enchant weapon
 N - 4 scrolls of identify
Potions
 b - 11 potions of curing
 c - 5 potions of mutation
 i - 3 potions of heal wounds
 j - 2 potions of flight
 l - 3 potions of brilliance
 o - 3 potions of stabbing
 p - 3 potions of magic
 q - a potion of invisibility
 r - 2 potions of lignification
 t - 3 potions of cancellation
 u - a potion of berserk rage
 A - 2 potions of resistance
 E - 3 potions of ambrosia
 G - a potion of haste
 L - 3 potions of might
Books
 x - a manual of Bows


   Skills:
 + Level 11.0 Fighting
 + Level 11.1 Dodging
 * Level 17.4 Unarmed Combat
 - Level 1.2 Spellcasting
 + Level 10.2 Transmutations


You had 5 spell levels left.
You knew the following spells:

 Your Spells              Type           Power        Failure   Level
a - Beastly Appendage     Tmut           ####..       11%         1
b - Wereblood             Tmut           ####....     12%         2
c - Spider Form           Tmut/Pois      ###.......   45%         3
d - Blade Hands           Tmut           ####......   47%         5

Your spell library contained the following spells:

 Spells                   Type           Power        Failure   Level
 Apportation              Tloc           #.....       69%         1
 Corona                   Hex            #......      69%         1
 Pain                     Necr           #...         69%         1
 Ice Form                 Ice/Tmut       ###.....     73%         4
 Portal Projectile        Hex/Tloc       #.....       92%         3
 Irradiate                Conj/Tmut      ###.......   94%         5
 Dispel Undead            Necr           #.......     99%         4
 Borgnjor's Vile Clutch   Necr/Erth      #.........   100%        5
 Metabolic Englaciation   Hex/Ice        #.........   100%        5
 Hydra Form               Tmut           ####......   87%         6
 Freezing Cloud           Conj/Ice/Air   #.........   100%        6
 Ozocubu's Refrigeration  Ice            #.........   100%        6
 Statue Form              Tmut/Erth      ###......    100%        6
 Dragon Form              Tmut           ####......   100%        7
 Animate Skeleton         Necr           Unusable     N/A         1
 Summon Small Mammal      Summ           Unusable     N/A         1
 Death Channel            Necr           Unusable     N/A         6
 Simulacrum               Ice/Necr       Unusable     N/A         6

Dungeon Overview and Level Annotations

Branches:
Dungeon (15/15)            Temple (1/1) D:7            Lair (6/6) D:8
  Swamp (0/4) Lair:2       Spider (0/4) Lair:4        Slime (0/5) Lair:6
    Orc (2/2) D:9             Elf (0/3) Orc:2        Depths (0/5) D:15
  Sewer (visited)           IceCv (visited)         Volcano (visited)
 Vaults: D:13-14

Altars:
Ashenzari
Cheibriados
Elyvilon
Fedhas
Gozag
Hepliaklqana
Kikubaaqudgha
Makhleb
Nemelex Xobeh
Okawaru
Qazlal
Ru
Sif Muna
Trog
Uskayaw
Vehumet
Wu Jian
Xom
Yredelemnul
Zin
The Shining One

Shops:
D:9 [   D:11 *   D:12 }   Orc:2 =}(:

Annotations:
D:14 Jorgrun
D:15 3 runed translucent doors


Innate Abilities, Weirdness & Mutations

You are too large for most types of armour.
You have claws for hands.
Your natural rate of healing is unusually fast.
You are covered in fur. (AC +1)
You have extremely tough skin. (AC +3)
You cannot drink potions while threatened.
You cannot be stealthy.
You cannot study or use magical devices.
You are hated by all.
You cannot train Armour skill.
You have a pair of small antennae on your head.
You have very sharp teeth.
You have sharp toenails.
You are partially covered in large bone plates. (SH +4)
You have a somewhat thin skeletal structure. (Dex +2, Stealth)
You are partially covered in yellow scales. (AC +2)
Your body sometimes deteriorates upon taking damage.


Message History

You slice the sea snake!!
You kill the sea snake!
The cane toad barely misses you. The elephant tramples you.
You hold your ground!
You focus your will and blind the elephant in retribution!
The elephant barely misses you. The cane toad stings you!!
You feel threatened and lose the ability to drink potions!
* * * LOW HITPOINT WARNING * * *
Ru believes you are ready to make a new sacrifice.
Things that are here:
a sea snake corpse; a cane toad corpse You slash the cane toad!
You claw the cane toad.
The cane toad is heavily wounded.
The cane toad stings you!!
* * * LOW HITPOINT WARNING * * *
You hit the cane toad but do no damage. Your kick misses the cane toad.
Your bite misses the cane toad.
The cane toad is heavily wounded.
The cane toad stings you!
You die...

#....#.#.##.P........P..#..
#..........................
##........................>
#..........................
##..................^......
#P.......^...........#..#..
##..............P#.###.##..
##..P...##......###..#.##..
#..#...#.#@.....+......##..
#........F##....##....##...
##...#....Y##....#.......P..
#.#.........#.....#.....PP..
###........##.....##.###.P..
#.#P.....#......#######...
##.........{..<...###.#.#..
#...........Y..............
##P...............(.........


You could see an elephant (blind) and a cane toad.

Vanquished Creatures
  A frost giant (IceCv)
  A stone giant (Orc:2)
  An ettin (Orc:1)
  Josephine (Orc:1)
  A fire dragon (Volcano)
  Erolcha (Orc:2)
  5 hydras
  Harold (D:7)
  4 centaur warriors
  10 two-headed ogres
  5 orc high priests (Orc:2)
  Urug (D:11)
  11 death yaks
  A spriggan (Lair:1)
  2 unseen horrors
  5 skeletal warriors
  A sea snake (Lair:5)
  A lindwurm (Volcano)
  5 orc knights
  Pikel (D:8)
  A wolf spider zombie (D:15)
  A manticore (D:15)
  2 orc sorcerers (D:15)
  A necromancer (D:15)
  5 deep elf magi
  2 cyclopes (D:14)
  14 elephants
  Joseph (D:8)
  4 centaur zombies
  An ice statue (IceCv)
  4 black mambas
  A gargoyle (D:12)
  11 cane toads
  A redback zombie (D:15)
  A yaktaur (D:13)
  10 rime drakes
  A kobold demonologist (D:12)
  4 komodo dragons
  5 trolls
  16 polar bears
  Prince Ribbit (D:9)
  5 hornets
  A bog body (Lair:2)
  4 blink frogs (Lair:6)
  7 dream sheep (Lair:5)
  13 hippogriffs
  A water elemental (D:12)
  6 wraiths
  50 yaks
  8 basilisks
  13 wyverns
  Grum (D:9)
  5 fire bats (Volcano)
  Eustachio (D:6)
  5 steam dragons
  8 vampire mosquitoes
  3 wargs
  2 soldier ants (D:13)
  An acid dragon (D:15)
  An insubstantial wisp (D:10)
  3 hell hounds
  7 water moccasins
  4 porcupines
  A black bear (D:9)
  25 orc warriors
  A meliai simulacrum (D:15)
  The ghost of Lanoc the Ruffian, an amateur TrTm (D:3)
  2 ice beasts
  2 eyes of draining
  4 sky beasts
  53 wolves
  A phantom (D:6)
  12 ogres
  10 crocodiles
  14 centaurs
  2 big kobolds
  16 bullfrogs
  2 wyvern zombies
  3 scorpions
  22 wights
  21 killer bees
  3 electric eels (D:12)
  5 lava snakes (Volcano)
  9 crimson imps
  2 bullfrog zombies
  4 centaur skeletons
  A quasit (D:8)
  5 jellies
  A gnoll shaman (D:3)
  7 hounds
  14 orc wizards
  27 orc priests
  Crazy Yiuf (D:4)
  6 iguanas
  15 worker ants
  A killer bee zombie (D:5)
  3 worker ant zombies
  9 gnolls
  A howler monkey skeleton (D:9)
  12 adders
  6 shadow imps
  15 white imps
  2 ufetubi
  5 oozes
  An adder zombie (D:5)
  10 worms
  4 dart slugs
  5 leopard geckos
  66 orcs
  9 bats
  12 giant cockroaches
  3 goblins
  5 hobgoblins
  8 jackals
  4 ball pythons
  A ball python skeleton (D:5)
  6 frilled lizards
  A jackal skeleton (D:4)
  18 kobolds
  A leopard gecko skeleton (D:5)
  A quokka skeleton (D:6)
  A quokka zombie (D:6)
  7 rats
804 creatures vanquished.

Vanquished Creatures (collateral kills)
  An orc wizard (Orc:2)
  2 gnolls (D:3)
3 creatures vanquished.

Vanquished Creatures (others)
  A hydra (Lair:5)
  A manticore (Lair:6)
  4 yaks (IceCv)
  An orc warrior (D:15)
  A hornet zombie (D:8)
  3 wolves
  A lava snake (Volcano)
  An adder (D:3)
  A kobold (D:9)
  22 fungi
  46 plants
82 creatures vanquished.

Grand Total: 889 creatures vanquished

Notes
Turn   | Place    | Note
-------+----------+-------------------------------------------
     0 | D:1      | Lanoc the Troll Transmuter began the quest for the Orb.
     0 | D:1      | Reached XP level 1. HP: 18/18 MP: 1/1
   124 | D:1      | Reached skill level 1 in Fighting
   256 | D:1      | Reached XP level 2. HP: 27/27 MP: 0/2
   578 | D:3      | Reached XP level 3. HP: 33/33 MP: 1/3
   609 | D:3      | Found a basalt altar of Yredelemnul.
   673 | D:3      | Found a transporter.
   675 | D:3      | Found a transporter.
   720 | D:3      | Identified the +5 spear of Witur {pain, +Fly rN+ Dex+4}
   733 | D:3      | Learned a level 2 spell: Wereblood
   818 | D:3      | Reached XP level 4. HP: 39/41 MP: 2/4
   900 | D:3      | Found a faded altar of an unknown god.
   906 | D:3      | Became a worshipper of Xom of Many Doors
   926 | D:3      | Reached skill level 4 in Unarmed Combat
  1044 | D:3      | XOM: divination: detect items
  1115 | D:3      | Noticed Lanoc's ghost (amateur TrTm)
  1149 | D:3      | You fall into a shaft and drop 2 floors!
  1149 | D:5      | Entered Level 5 of the Dungeon
  1169 | D:5      | Found a glowing drain.
  1182 | D:5      | XOM: silly message
  1196 | Sewer    | Entered a sewer
  1274 | Sewer    | Reached XP level 5. HP: 49/49 MP: 5/5
  1309 | Sewer    | XOM: polymorph leopard gecko -> ball python
  1856 | D:5      | Found the amulet of the Four Winds {rN+ MR+++ Clar}
  1860 | D:5      | Noticed an ogre
  1865 | D:5      | Killed an ogre
  2048 | D:4      | Reached XP level 6. HP: 53/57 MP: 2/6
  2066 | D:4      | Reached skill level 5 in Unarmed Combat
  2176 | D:3      | XOM: god gift: robe {god gift}
  2195 | D:3      | Found a radiant altar of Vehumet.
  2195 | D:3      | Found a burning altar of Makhleb.
  2371 | D:3      | Killed Lanoc's ghost
  2371 | D:3      | Reached XP level 7. HP: 23/66 MP: 3/7
  2388 | D:3      | XOM: enchant monster (good)
  2399 | D:3      | XOM: summons friendly iron imp
  2601 | D:4      | XOM: enchant monster (good)
  2605 | D:4      | Reached skill level 6 in Unarmed Combat
  2653 | D:4      | Found a runed translucent door.
  2654 | D:4      | Noticed Crazy Yiuf
  2668 | D:4      | Killed Crazy Yiuf
  2854 | D:4      | XOM: 1-stop teleportation journey
  2869 | D:4      | XOM: give mutations
  2869 | D:4      | Gained mutation: You are agile. (Dex +2) [Xom's grace]
  2869 | D:4      | Gained mutation: You are partially covered in yellow
                  | scales. (AC +2) [Xom's grace]
  2869 | D:4      | Gained mutation: Your system is resistant to poisons.
                  | (rPois) [Xom's grace]
  2869 | D:4      | Gained mutation: You have a somewhat thin skeletal
                  | structure. (Dex +2, Stealth) [Xom's grace]
  2882 | D:4      | XOM: give mutations
  2882 | D:4      | Gained mutation: You are partially covered in large bone
                  | plates. (SH +4) [Xom's grace]
  2882 | D:4      | Gained mutation: You expend magic power (3 MP) to
                  | strengthen your wands. [Xom's grace]
  2882 | D:4      | Gained mutation: You are very agile. (Dex +4) [Xom's grace]
  2895 | D:4      | XOM: give mutations
  2895 | D:4      | Gained mutation: You have very sharp teeth. [Xom's grace]
  2895 | D:4      | Gained mutation: Your muscles are strong. (Str +2) [Xom's
                  | grace]
  2895 | D:4      | Gained mutation: You have sharp toenails. [Xom's grace]
  3203 | D:5      | Reached XP level 8. HP: 71/75 MP: 4/8
  3366 | D:5      | XOM: god gift: 9 stones
  3420 | D:5      | Reached skill level 7 in Unarmed Combat
  3452 | D:5      | XOM: summons friendly shadow imp
  3453 | D:5      | XOM: polymorph shadow imp -> crimson imp
  3483 | D:5      | XOM: polymorph crimson imp -> quasit
  3879 | D:6      | Noticed Eustachio
  3890 | D:6      | XOM: divination: detect creatures
  3892 | D:6      | Killed Eustachio
  3893 | D:6      | XOM: confuse monster(s)
  3907 | D:6      | Reached skill level 8 in Unarmed Combat
  3998 | D:6      | Reached XP level 9. HP: 83/85 MP: 5/9
  4258 | D:6      | XOM: fake destruction
  4484 | D:7      | Found a sparkling altar of Nemelex Xobeh.
  4501 | D:7      | Noticed Harold
  4512 | D:7      | XOM: fog
  4513 | D:7      | Killed Harold
  4513 | D:7      | Reached skill level 5 in Fighting
  4513 | D:7      | Reached skill level 5 in Dodging
  4513 | D:7      | Reached skill level 9 in Unarmed Combat
  4541 | D:7      | XOM: torment (23/88 hp)
  4649 | D:7      | Found a staircase to the Ecumenical Temple.
  4668 | Temple   | Entered the Ecumenical Temple
  4721 | Temple   | Fell from the grace of Xom
  4721 | Temple   | Became a worshipper of Ru the Awakened
  4805 | D:7      | Found a glowing golden altar of the Shining One.
  4870 | D:7      | XOM: stat loss: -2 Dex (14/16)
  5179 | D:8      | Found a staircase to the Lair.
  5386 | D:8      | Noticed a two-headed ogre
  5389 | D:8      | XOM: noise
  5393 | D:8      | Killed a two-headed ogre
  5393 | D:8      | Reached skill level 5 in Transmutations
  5393 | D:8      | Reached XP level 10. HP: 72/96 MP: 6/10
  5413 | D:8      | XOM: stat loss: -3 Int (9/12)
  5473 | D:8      | Noticed Joseph
  5494 | D:8      | Killed Joseph
  5613 | D:8      | Noticed Pikel
  5627 | D:8      | Killed Pikel
  5627 | D:8      | Reached skill level 10 in Unarmed Combat
  6038 | D:8      | XOM: summons 11 hostile demons
  6039 | D:8      | Noticed a sixfirhy
  6039 | D:8      | Noticed an orange demon
  6319 | D:9      | Gained mutation: You cannot drink potions while threatened.
                  | [Ru sacrifice]
  6319 | D:9      | Reached * piety under Ru
  6333 | D:9      | Found Fizocw's Antique Armour Emporium.
  6377 | D:9      | XOM: blink monster(s)
  6381 | D:9      | Found an iron altar of Okawaru.
  6472 | D:9      | Noticed Grum
  6501 | D:9      | Killed Grum
  6538 | D:9      | XOM: 1-stop teleportation journey
  6622 | D:9      | Found a staircase to the Orcish Mines.
  6629 | D:9      | XOM: summons 1 hostile demon
  6645 | D:9      | Noticed Prince Ribbit
  6677 | D:9      | Killed Prince Ribbit
  6677 | D:9      | Reached skill level 11 in Unarmed Combat
  6688 | D:9      | Found a hide-covered altar of Uskayaw.
  6720 | D:9      | XOM: give mutation
  6720 | D:9      | Lost mutation: You are very agile. (Dex +4) [Xom's
                  | mischief]
  7009 | D:9      | Found a hazy altar of Hepliaklqana.
  7035 | D:9      | Found a blossoming altar of Fedhas.
  7086 | D:10     | Entered Level 10 of the Dungeon
  7110 | D:10     | Reached XP level 11. HP: 98/106 MP: 8/11
  7141 | D:10     | Found the +3 Elemental Staff {rElec rF++ rC++ MR++ AC+5}
  7843 | D:10     | XOM: stat loss: -1 Int (11/12)
  8649 | D:11     | Noticed a two-headed ogre
  8659 | D:11     | Noticed Urug
  8673 | D:11     | Killed a two-headed ogre
  8676 | D:11     | Noticed a centaur warrior
  8687 | D:11     | Killed a centaur warrior
  8733 | D:11     | XOM: stat loss: -1 Str (21/22)
  8979 | D:10     | XOM: give mutations
  8979 | D:10     | Lost mutation: Your muscles are strong. (Str +2) [Xom's
                  | mischief]
  8979 | D:10     | Lost mutation: You expend magic power (3 MP) to strengthen
                  | your wands. [Xom's mischief]
  8979 | D:10     | Gained mutation: Your magical capacity is low. (-10% MP)
                  | [Xom's mischief]
  9088 | D:11     | Killed Urug
  9088 | D:11     | Reached skill level 12 in Unarmed Combat
  9290 | D:11     | Noticed a skeletal warrior
  9383 | D:11     | Noticed a seven-headed hydra
  9422 | D:11     | Noticed a two-headed ogre
  9429 | D:11     | Killed a two-headed ogre
  9508 | D:11     | Found Yzyll's General Store.
  9620 | D:11     | Noticed a skeletal warrior
  9621 | D:11     | Noticed a skeletal warrior
  9805 | D:12     | Found Ges Veme's Gadget Shoppe.
  9824 | D:12     | Noticed a two-headed ogre
  9830 | D:12     | Killed a two-headed ogre
  9898 | D:12     | Noticed a two-headed ogre
  9902 | D:12     | Noticed a four-headed hydra
  9957 | D:12     | XOM: summons 14 hostile demons
  9988 | D:12     | XOM: noise
 10035 | D:12     | Reached XP level 12. HP: 118/118 MP: 8/11
 10077 | D:12     | Killed a four-headed hydra
 10182 | D:12     | Killed a two-headed ogre
 10607 | D:12     | Reached skill level 13 in Unarmed Combat
 10688 | D:12     | XOM: give mutations
 10688 | D:12     | Lost mutation: Your system is resistant to poisons. (rPois)
                  | [Xom's mischief]
 10688 | D:12     | Lost mutation: Your magical capacity is low. (-10% MP)
                  | [Xom's mischief]
 10688 | D:12     | Gained mutation: You tend to lose your temper in combat.
                  | [Xom's mischief]
 11016 | D:12     | XOM: summons 2 hostile shadow creatures
 11534 | D:13     | Noticed a two-headed ogre
 11545 | D:13     | Killed a two-headed ogre
 11601 | D:13     | XOM: give mutations
 11601 | D:13     | Gained mutation: You have a pair of small antennae on your
                  | head. [Xom's mischief]
 11601 | D:13     | Lost mutation: You tend to lose your temper in combat.
                  | [Xom's mischief]
 11601 | D:13     | Lost mutation: You are agile. (Dex +2) [Xom's mischief]
 11601 | D:13     | Gained mutation: Your body sometimes deteriorates upon
                  | taking damage. [Xom's mischief]
 11710 | D:13     | XOM: polymorph troll -> yaktaur
 11991 | D:13     | Noticed a centaur warrior
 11999 | D:13     | Killed a centaur warrior
 12149 | D:13     | XOM: torment (73/120 hp)
 12447 | D:13     | XOM: summons 4 hostile shadow creatures
 12741 | D:14     | Noticed a centaur warrior
 12747 | D:14     | Was forgiven by Xom
 12750 | D:14     | Killed a centaur warrior
 12767 | D:14     | Gained mutation: You cannot be stealthy. [Ru sacrifice]
 12767 | D:14     | Reached ** piety under Ru
 12814 | D:14     | Noticed a two-headed ogre
 12824 | D:14     | Killed a two-headed ogre
 13001 | D:14     | Reached XP level 13. HP: 85/128 MP: 11/13
 13294 | D:15     | Entered Level 15 of the Dungeon
 13308 | D:15     | Reached skill level 14 in Unarmed Combat
 13538 | D:15     | Found a staircase to the Depths.
 14000 | D:15     | Found a shimmering altar of Xom.
 14090 | D:15     | Found a runed translucent gate.
 14090 | D:15     | Found a runed translucent gate.
 14090 | D:15     | Found a runed translucent gate.
 14090 | D:15     | Noticed a purple very ugly thing
 14091 | D:15     | Noticed a red very ugly thing
 14269 | D:15     | Got a fading dagger
 14270 | D:15     | Identified the cursed +1 dagger of the Swamp {vorpal, rN+
                  | Int+4} (You found it on level 15 of the Dungeon)
 14615 | D:15     | HP: 5/130 [seven-headed hydra (13)]
 14785 | D:14     | Noticed Jorgrun
 15327 | Orc:1    | Entered Level 1 of the Orcish Mines
 15614 | Orc:2    | Entered Level 2 of the Orcish Mines
 15810 | Orc:2    | Found a staircase to the Elven Halls.
 15969 | Orc:2    | Noticed a stone giant
 15981 | Orc:2    | Killed a stone giant
 16062 | Orc:2    | Noticed Erolcha
 16070 | Orc:2    | Killed Erolcha
 16145 | Orc:2    | Found a shimmering blue altar of Sif Muna.
 16454 | Orc:1    | Noticed an ettin
 16458 | Orc:1    | Noticed Josephine
 16464 | Orc:1    | Killed an ettin
 16464 | Orc:1    | Reached skill level 15 in Unarmed Combat
 16682 | Orc:1    | Killed Josephine
 17515 | Orc:2    | Reached XP level 14. HP: 110/140 MP: 11/14
 18177 | Orc:2    | Learned a level 3 spell: Spider Form
 18511 | Orc:2    | Found Baicud's Weapon Shop.
 18514 | Orc:2    | Found Temmostra's Gadget Boutique.
 18515 | Orc:2    | Found Zeenk's Book Shop.
 18516 | Orc:2    | Found Honourr's Jewellery Shop.
 18527 | Orc:2    | Bought a book of Transfigurations for 660 gold pieces
 18533 | Orc:2    | Learned a level 5 spell: Blade Hands
 18713 | Lair:1   | Entered Level 1 of the Lair of Beasts
 19301 | Lair:1   | You fall into a shaft and drop 1 floor!
 19302 | Lair:2   | Found a staircase to the Swamp.
 20810 | Lair:3   | Reached skill level 10 in Dodging
 21100 | Lair:3   | Reached skill level 10 in Fighting
 21267 | Lair:3   | Gained mutation: You are hated by all. [Ru sacrifice]
 21267 | Lair:3   | Reached *** piety under Ru
 21589 | Lair:3   | Reached skill level 16 in Unarmed Combat
 22691 | Lair:4   | Found a hole to the Spider Nest.
 22706 | Lair:4   | Got a bloodstained spear
 22707 | Lair:4   | Identified the cursed +1 spear "Weriaci" {venom, +Inv} (You
                  | found it on level 4 of the Lair of Beasts)
 23034 | Lair:4   | Gained mutation: You cannot study or use magical devices.
                  | [Ru sacrifice]
 23034 | Lair:4   | Reached **** piety under Ru
 23034 | Lair:4   | Reached ***** piety under Ru
 23641 | Lair:5   | Reached XP level 15. HP: 150/150 MP: 7/15
 24401 | Lair:6   | Entered Level 6 of the Lair of Beasts
 24459 | Lair:6   | Found a dark tunnel.
 24470 | Volcano  | Entered a volcano
 24551 | Volcano  | Gained mutation: You cannot train Armour skill. [Ru
                  | sacrifice]
 24663 | Volcano  | Found a radiant altar of Vehumet.
 24706 | Volcano  | Found a burning altar of Makhleb.
 24765 | Lair:6   | Found a frozen archway.
 24809 | IceCv    | Entered an ice cave
 24967 | IceCv    | Reached skill level 10 in Transmutations
 25047 | IceCv    | Reached skill level 17 in Unarmed Combat
 25400 | IceCv    | Noticed a frost giant
 25421 | IceCv    | Killed a frost giant
 25468 | IceCv    | Identified the Handbook of Entrancing Evil Arts
 25819 | Lair:5   | Slain by a cane toad

Illustrated notes

Levels and vault maps discovered:
D:1:      dpeg_arrival_morbid_curiosity, layout_loops_ring, minmay_bisected
D:2:      layout_loops_ring, grunt_dithmenos_smoke
D:3:      layout_loops_ring, grunt_temple_overflow_lords_of_destruction,
          yredelemnul_altar_generic, chequers_ecumenical_altar_simple_redux,
          gammafunk_ghost_gnarly_gnolls
D:4:      layout_basic, uniq_crazy_yiuf_cottage
D:5:      minmay_evil_eye, layout_loops_ring, gup_sewer_entry_glass
D:6:      layout_loops_ring, minmay_misc_feat_plants, uniq_eustachio
D:7:      layout_cave_pools, nicolae_tso_carved_into_rock, temple_statues,
          basic_altar, uniq_harold
D:8:      layout_loops_ring, lair_entry_dummy, serial_bayou_crossing,
          uniq_joseph, uniq_pikel
D:9:      layout_cave_pools, okawaru_metal_pillars_1_2, kennysheep_mini,
          fedhas_ov_isle_minmay, orc_0_dummy, serial_shops, nicolae_shop_trees,
          basic_altar, serial_glass, glass_columns_b, glass_columns_b,
          minmay_nine_imps, uniq_grum, uniq_prince_ribbit1
D:10:     layout_stronghold, pond
D:11:     layout_basic, serial_shops, shop_fountains, minmay_misc_feat_rugged,
          uniq_urug
D:12:     layout_basic, serial_shops, shop, minmay_quadrilaterals
D:13:     layout_roguey
D:14:     layout_small_grid, hangedman_vaults_entry_quadrant_bands,
          kennysheep_cross_bottleneck, chequers_serial_rivers_micro_b,
          kennysheep_four_rooms, uniq_louise, uniq_frances, uniq_jorgrun
D:15:     grunt_enter_depths_magical_seal, layout_gridville,
          ploomutoo_gammafunk_ghost_potion_laboratory, xom_teletrap_fun
Temple:   eino_temple_lava
Lair:1:   layout_small_grid, grunt_forest_large_clearings
Lair:2:   layout_hall_layers, skrybe_swamp_entry_bodies
Lair:3:   layout_cave_pods
Lair:4:   layout_roguey, nicolae_spider_entry_non_spiders, special_room
          [special_room_mythical_zoo], grunt_megastairs_3
Lair:5:   layout_regular_city, beast_lair_carwin_5, infiniplex_staircase_pool_2
Lair:6:   gammafunk_lair_ancient_temple, layout_cave_pods,
          dpeg_slime_entry_enclosed_altar, nicolae_volcano_entry_lava_flow,
          portal_ice_cave_entry_imps
Orc:1:    layout_diamond_mine, uniq_josephine
Orc:2:    st_orc_pillars, layout_caves, led_sif_book, uniq_erolcha

Skill      XL: |  1  2  3  4  5  6  7  8  9 10 11 12 13 14 15 |
---------------+----------------------------------------------+-----
Fighting       | 1 2 3 4 5 6 7 8 9 10 11 | 11.0
Dodging        | 2 3 4 5 6 7 8 9 10 11 | 11.1
Unarmed Combat | 4 5 6 8 9 11 12 13 15 16 17 | 17.4
Transmutations | 2 3 4 5 6 7 8 9 10 | 10.2
Spellcasting   | |  1.2

Action                   |  1- 3 |  4- 6 |  7- 9 | 10-12 | 13-15 || total
-------------------------+-------+-------+-------+-------+-------++-------
Melee: Unarmed           |    54 |   145 |   198 |   511 |  1103 ||  2011
       Headbutt          |     6 |    12 |    44 |    94 |       ||   156
       Kick              |     3 |    20 |    63 |   226 |   343 ||   655
       Punch             |       |     3 |     1 |    46 |    67 ||   117
       Bite              |       |       |    19 |    80 |   125 ||   224
       Staff             |       |       |       |   196 |    57 ||   253
Throw: Throwing net      |       |       |       |       |     4 ||     4
 Cast: Beastly Appendage |    15 |    17 |    39 |    61 |       ||   132
       Wereblood         |       |     4 |    27 |    70 |    74 ||   175
       Blade Hands       |       |       |       |       |    43 ||    43
Invok: Sacrifice Drink   |       |       |       |     1 |       ||     1
       Reject Sacrifices |       |       |       |     1 |     1 ||     2
       Sacrifice Stealth |       |       |       |     1 |       ||     1
       Sacrifice Artific |       |       |       |       |     1 ||     1
       Sacrifice Love    |       |       |       |       |     1 ||     1
       Draw Out Power    |       |       |       |       |     1 ||     1
       Sacrifice Durabil |       |       |       |       |     1 ||     1
Evoke: Wand              |       |       |       |     3 |     1 ||     4
  Use: Scroll            |       |     1 |     2 |    19 |    12 ||    34
       Potion            |       |     2 |     1 |     2 |     6 ||    11
 Stab: Sleeping          |       |     1 |     6 |    11 |       ||    18
       Petrified         |       |       |     3 |       |       ||     3
       Paralysed         |       |       |     2 |       |     6 ||     8
       Distracted        |       |       |       |     3 |     6 ||     9
       Invisible         |       |       |       |       |     2 ||     2
       Held in net/web   |       |       |       |       |     1 ||     1
Armor: Robe              |    13 |    91 |    73 |   424 |   426 ||  1027
Dodge: Dodged            |    28 |    94 |   112 |   613 |   684 ||  1531
Block: Other             |       |       |    13 |   165 |   169 ||   347

Table legend: (Time is in decaauts)
 A = Elapsed time spent in this place.
 B = Non-inter-level travel time spent in this place.
 C = Inter-level travel time spent in this place.
 D = Time resting spent in this place.
 E = Time spent auto-exploring this place.
 F = Levels seen in this place.
 G = Mean time per level.
                   A        B        C        D        E       F      G
               +--------+--------+--------+--------+--------+-----+--------+
         Total |  25595 |  24448 |   1147 |   1678 |  17171 |  27 |  948.0 |
       Dungeon |  14576 |  13845 |    731 |    851 |  10094 |  15 |  971.7 |
        Temple |     62 |     54 |      8 |      0 |     37 |   1 |   62.0 |
          Lair |   5865 |   5639 |    226 |    171 |   4445 |   6 |  977.5 |
  Orcish Mines |   3281 |   3100 |    181 |    328 |   1949 |   2 | 1640.5 |
         Sewer |    756 |    756 |      0 |      0 |    557 |   1 |  756.0 |
      Ice Cave |    809 |    809 |      0 |    258 |     87 |   1 |  809.0 |
       Volcano |    242 |    242 |      0 |     70 |      0 |   1 |  242.0 |
               +--------+--------+--------+--------+--------+-----+--------+

Top non-repeatable levels by time:
   Orc:2: 2293 daAuts
    D:10: 1938 daAuts
    D:12: 1792 daAuts
    D:13: 1465 daAuts
    D:15: 1342 daAuts
  Lair:4: 1336 daAuts
  Lair:1: 1264 daAuts
     D:8: 1119 daAuts
     D:3: 1090 daAuts
  Lair:5: 1079 daAuts
    D:11: 1043 daAuts
  Lair:3: 1001 daAuts
   Orc:1: 988 daAuts
  Lair:2: 935 daAuts
     D:5: 877 daAuts
